[Event "Team 45 45 League T34"]
[Site "Internet Chess Club"]
[Date "2007.07.29"]
[Round "2"]
[White "JimGaming"]
[Black "reverendjim"]
[Result "0-1"]
[WhiteElo "1231"]
[BlackElo "1269"]
[Opening "Caro-Kann: advance variation"]
[ECO "B12"]
[Time "14:04:49"]
[TimeControl "2700+45"]

1. e4 c6 2. d4 d5 3. e5 Bf5 4. Nc3 Qd7 5. h3 h6 6. g4 Bh7 7. f3 e6 8. Bd3 Bxd3
9. Qxd3 c5 10. Qb5 cxd4 11. Qxd7+ Nxd7 12. Nb5 Rc8 13. Kd1 Bc5 14. Bf4 Ne7 15.
Ne2 O-O 16. Kd2 Ng6 17. Bg3 Ndxe5 18. Bxe5 Nxe5 19. Nexd4 a6 20. f4 axb5 21.
Nxb5 Nd7 22. c3 Rc6 23. Rac1 Rb6 24. a4 Bd6 25. Rhf1 Nc5 26. Kc2 Nxa4 27. Nxd6
Rxd6 28. Rb1 Rc8 29. Rf3 d4 30. Rd1 Kf8 31. Rxd4 Rxd4 32. Rd3 Rxd3 33. Kxd3
Nxb2+ 34. Kc2 Na4 35. Kb3 b5 36. Kb4 Ke7 37. Kxb5 Nxc3+ 38. Kb4 Nd5+ 39. Kb5
Nxf4 40. h4 e5 41. g5 h5 {White resigns} 0-1

[Event "Team 45 45 League T34"]
[Site "Internet Chess Club"]
[Date "2007.07.25"]
[Round "2"]
[White "otib2006"]
[Black "tmac63"]
[Result "1-0"]
[WhiteElo "1196"]
[BlackElo "1068"]
[Opening "Sicilian"]
[ECO "B50"]
[Time "20:15:43"]
[TimeControl "2700+45"]

1. e4 c5 2. Nf3 d6 3. Bc4 e6 4. h3 Nf6 5. Nc3 Be7 6. O-O O-O 7. d4 cxd4 8. Nxd4
Nc6 9. a3 Bd7 10. b4 a6 11. Re1 e5 12. Nxc6 Bxc6 13. Bg5 h6 14. Bxf6 Bxf6 15.
Bd5 Rc8 16. a4 Bd7 17. Qd2 Bg5 18. Qd3 Qb6 19. b5 Be6 20. Bxe6 fxe6 21. Ne2 Bh4
22. Kh1 Rxf2 23. Qb3 Rcf8 24. Qxe6+ Kh7 25. bxa6 Qd8 26. g3 Qg5 27. Rg1 Rxe2 28.
gxh4 Rff2 29. Rxg5 Rh2+ 30. Kg1 hxg5 31. axb7 Reg2+ 32. Kf1 Rh1+ 33. Kxg2 Rxa1
34. b8=Q g6 35. Qe7+ Kh6 36. Qh8# {Black checkmated} 1-0

[Event "Team 45 45 League T34"]
[Site "Internet Chess Club"]
[Date "2007.07.30"]
[Round "2"]
[White "Conjurer"]
[Black "scottrugby"]
[Result "0-1"]
[WhiteElo "1315"]
[BlackElo "1472"]
[Opening "English: symmetrical variation"]
[ECO "A37"]
[Time "23:00:29"]
[TimeControl "2700+45"]

1. c4 c5 2. Nc3 g6 3. g3 Bg7 4. Bg2 Nc6 5. Nf3 d6 6. O-O e5 7. a3 Nge7 8. Rb1 a5
9. b4 axb4 10. axb4 Nxb4 11. Nb5 O-O 12. Ba3 Nec6 13. e3 Bf5 14. Rb3 Bc2 15. Qe2
Bxb3 16. d3 d5 17. Nd2 dxc4 18. dxc4 Na5 19. Ne4 Bxc4 20. Rd1 Bxe2 21. Rxd8
Rfxd8 22. Nc7 Rd1+ 23. Bf1 Bxf1 24. Nd2 Bh3+ 25. Nf1 Rxf1# {White checkmated}
0-1

[Event "Team 45 45 League T34"]
[Site "Internet Chess Club"]
[Date "2007.07.30"]
[Round "2"]
[White "chess-buddy"]
[Black "Traho"]
[Result "1-0"]
[WhiteElo "1328"]
[BlackElo "1305"]
[Opening "Caro-Kann defense"]
[ECO "B11"]
[Time "11:03:04"]
[TimeControl "2700+45"]

1. e4 c6 2. Nc3 d5 3. exd5 cxd5 4. d4 Bf5 5. Nf3 e6 6. Bb5+ Nc6 7. O-O Ne7 8.
Bf4 a6 9. Bxc6+ Nxc6 10. a3 Be7 11. Qd2 h6 12. Rfe1 Bf6 13. Bc7 Qd7 14. Qf4 O-O
15. Be5 Bxe5 16. Nxe5 Qc7 17. Re3 f6 18. Ng6 Qxf4 19. Nxf4 Nxd4 20. Rg3 g5 21.
Na4 Rac8 22. c3 Nb3 23. Re1 Rfe8 24. Nh5 Kf7 25. Nb6 Rc6 26. Nd7 Nd4 27. Nhxf6
{Black forfeits on time} 1-0

[Event "Team 45 45 League T34"]
[Site "Internet Chess Club"]
[Date "2007.07.30"]
[Round "2"]
[White "wekabird"]
[Black "CLEAN"]
[Result "1-0"]
[WhiteElo "1228"]
[BlackElo "1046"]
[Opening "English opening"]
[ECO "A17"]
[Time "22:00:10"]
[TimeControl "2700+45"]

1. c4 e6 2. Nc3 Nf6 3. a3 c6 4. e4 e5 5. Nf3 Bd6 6. g3 O-O 7. Bg2 Na6 8. b4 c5
9. b5 Nb8 10. O-O a6 11. Re1 Bc7 12. d3 d6 13. h3 Ba5 14. Bd2 Nbd7 15. Nd5 Ne8
16. Bxa5 Qxa5 17. b6 Nxb6 18. Nxb6 Qxb6 19. Qd2 Nf6 20. Reb1 Qc6 21. a4 Be6 22.
a5 Qd7 23. Kh2 Ng4+ 24. hxg4 Bxg4 25. Nh4 Rab8 26. f3 Bh5 27. g4 Bxg4 28. fxg4
Qxg4 29. Nf3 Qh5+ 30. Kg1 f5 31. Kf2 f4 32. Rh1 Qf7 33. Ng5 Qd7 34. Rxh7 Qg4 35.
Rh3 Qxg5 36. Bf3 Rf6 37. Rg1 Qxg1+ 38. Kxg1 Rg6+ 39. Kf1 b6 40. Qh2 Kf7 41. Bh5
bxa5 42. Bxg6+ Kxg6 43. Qg2+ Kf7 44. Rh7 Rb1+ 45. Kf2 Rb2+ 46. Kf3 Rxg2 47. Kxg2
a4 48. Kf3 a3 49. Rh1 g5 50. Ra1 Kg6 51. Rxa3 Kh5 52. Rxa6 g4+ 53. Kg2 f3+ 54.
Kg3 f2 55. Kxf2 Kh4 56. Kg2 g3 57. Rxd6 Kg4 58. Rd5 Kf4 59. Rxc5 Ke3 60. Rd5 Kf4
61. c5 Kg5 62. c6 Kf6 63. c7 Ke6 64. c8=Q+ Kf6 65. Qc6+ Kg5 66. Rxe5+ Kf4 67.
Qf6+ Ke3 68. Kxg3 Kxd3 69. Rd5+ Kxe4 70. Qf5+ Ke3 71. Rd3+ Ke2 {Black resigns}
1-0

[Event "Team 45 45 League T34"]
[Site "Internet Chess Club"]
[Date "2007.07.27"]
[Round "2"]
[White "supraholic"]
[Black "WilmaP"]
[Result "1-0"]
[WhiteElo "1295"]
[BlackElo "1195"]
[Opening "French: exchange variation"]
[ECO "C01"]
[Time "14:32:05"]
[TimeControl "2700+45"]

1. e4 e6 2. d4 d5 3. exd5 exd5 4. c4 c5 5. cxd5 Qxd5 6. Nc3 Qxd4 7. Qxd4 cxd4 8.
Nd5 Bd6 9. Nf3 Nc6 10. Bb5 Bd7 11. O-O a6 12. Re1+ Nge7 13. Bd3 O-O 14. Nf4 Bc5
15. Nh5 f5 16. Ng5 Bb4 17. Bc4+ Kh8 18. Re2 Rae8 19. Nf7+ Rxf7 20. Bxf7 Rf8 21.
Be6 Bxe6 22. Rxe6 Nd5 23. a3 Nd8 24. Re5 Nf6 25. Rxf5 Re8 26. h3 g6 27. Rxf6
Re1+ 28. Kh2 Bc5 29. b4 Be7 30. Rf3 gxh5 31. Bb2 Bd6+ 32. g3 Re2 33. Bxd4+ Kg8
34. h4 Be5 35. Rd1 Ne6 36. Bxe5 Rxe5 37. Rd7 b5 38. Rc3 Rf5 39. Rc6 Rxf2+ 40.
Kg1 Rf6 41. Rxa6 Rg6 42. Ra8+ Nf8 43. Kf2 Rf6+ 44. Ke3 Re6+ 45. Kf4 Rf6+ 46. Kg5
Rg6+ 47. Kxh5 Rxg3 48. Kh6 Rg4 49. h5 Rg3 50. Rb7 Rg4 51. Rxb5 Kf7 52. Ra7+ Kf6
53. Ra6+ Ne6 54. Kxh7 Rg7+ 55. Kh8 Kf7 56. Rf5+ Ke7 57. Re5 Kf7 58. Rexe6 Rg8+
59. Kh7 Rg7+ 60. Kh6 Kg8 61. Rg6 Kh8 62. Ra8+ Rg8 63. Rgxg8# {Black checkmated}
1-0

[Event "Team 45 45 League T34"]
[Site "Internet Chess Club"]
[Date "2007.07.26"]
[Round "2"]
[White "Russellovich"]
[Black "kinchknifeblade"]
[Result "1-0"]
[WhiteElo "1567"]
[BlackElo "1222"]
[Opening "Sicilian"]
[ECO "B54"]
[Time "16:00:07"]
[TimeControl "2700+45"]

1. e4 c5 2. Nf3 d6 3. d4 cxd4 4. Nxd4 Nc6 5. Nc3 h6 6. Be3 Nf6 7. f3 g6 8. Be2
Bg7 9. Qd2 a6 10. O-O-O Be6 11. g4 Qa5 12. Kb1 g5 13. h4 Nh7 14. hxg5 Nxg5 15.
a3 O-O-O 16. Rh5 Nxd4 17. Bxd4 Bxd4 18. Qxd4 f6 19. Rdh1 Qc5 20. Qxc5+ dxc5 21.
f4 Nf7 22. Rxc5+ Kd7 23. f5 Kd6 24. b4 Bc8 25. Rd1# {Black checkmated} 1-0

[Event "Team 45 45 League T34"]
[Site "Internet Chess Club"]
[Date "2007.07.28"]
[Round "2"]
[White "SeniorCitizen"]
[Black "carolinaknight"]
[Result "0-1"]
[WhiteElo "1292"]
[BlackElo "1323"]
[Opening "French: advance, Milner-Barry gambit"]
[ECO "C02"]
[Time "10:01:15"]
[TimeControl "2700+45"]

1. e4 e6 2. d4 d5 3. e5 c5 4. Nf3 Qb6 5. c3 Nc6 6. Bd3 cxd4 7. cxd4 Nge7 8. O-O
Nf5 9. Bxf5 exf5 10. Nc3 Be6 11. Na4 Qb5 12. b3 h6 13. a3 Be7 14. Nc3 Qa5 15.
Bd2 Qb6 16. Na4 Qb5 17. Nc3 Qd3 18. Ne2 g5 19. Bc3 Qa6 20. h3 O-O-O 21. Qc2 g4
22. hxg4 fxg4 23. Ne1 Rd7 24. Nf4 Rc7 25. Qd3 Qb6 26. b4 Bg5 27. Nxe6 fxe6 28.
Qg6 Nxd4 29. Bxd4 Qxd4 30. Qxe6+ Kb8 31. Rd1 Qxd1 {White resigns} 0-1

[Event "Team 45 45 League T34"]
[Site "Internet Chess Club"]
[Date "2007.07.25"]
[Round "2"]
[White "WzeroMN"]
[Black "chips"]
[Result "1-0"]
[WhiteElo "1185"]
[BlackElo "1172"]
[Opening "Owen defense"]
[ECO "B00"]
[Time "16:02:23"]
[TimeControl "2700+45"]

1. e4 b6 2. d4 Bb7 3. Nc3 d6 4. Nf3 e6 5. Bb5+ c6 6. Ba4 b5 7. Bb3 Nf6 8. Bg5
Nbd7 9. O-O a5 10. a3 a4 11. Ba2 Be7 12. Re1 h6 13. Bh4 Qc7 14. h3 g5 15. Bg3
O-O-O 16. e5 dxe5 17. Nxe5 Nxe5 18. Bxe5 Qd7 19. b4 axb3 20. Bxb3 Bd6 21. Bxf6
Rde8 22. Bxh8 Bc7 23. Be5 Bxe5 24. dxe5 Qe7 25. Qh5 Rh8 26. Red1 Ba6 27. Rd6 Kc7
28. Rad1 Kb6 29. Rd7 Qf8 30. Rxf7 Qxa3 31. Qg6 Qb2 32. Qd3 b4 33. Qd4+ Ka5 34.
Qc5+ Bb5 35. Nxb5 {Black resigns} 1-0

[Event "Team 45 45 League T34"]
[Site "Internet Chess Club"]
[Date "2007.07.26"]
[Round "2"]
[White "gaboonzoom"]
[Black "furrbrain"]
[Result "0-1"]
[WhiteElo "1172"]
[BlackElo "1359"]
[Opening "French: Winawer, fingerslip variation"]
[ECO "C15"]
[Time "18:29:47"]
[TimeControl "2700+45"]

1. e4 e6 2. d4 d5 3. Nc3 Bb4 4. Bd2 c5 5. dxc5 Nc6 6. exd5 exd5 7. Bb5 Nf6 8.
Nf3 O-O 9. O-O Bxc5 10. Na4 Bd6 11. Re1 Bd7 12. Bg5 h6 13. Bh4 a6 14. Bd3 b5 15.
Nc3 g5 16. Nxg5 Ng4 17. Nf3 Bxh2+ 18. Kf1 Qb6 19. Nxd5 Qc5 20. Qd2 Qxd5 21. Bh7+
Kxh7 22. Qxd5 Be6 23. Qxc6 Bc4+ 24. Re2 Rae8 25. Re1 Re6 26. Qc7 Bxc7 27. b3
Bxe2+ 28. Rxe2 Rxe2 29. Kxe2 Re8+ 30. Kd2 Ba5+ 31. Kc1 Ne5 32. Nd4 Bc3 33. Nf5
Ng6 34. Ne3 Nxh4 35. g3 Nf5 36. a4 Nxe3 37. Kb1 Nd5 38. axb5 axb5 39. Ka2 Ra8+
40. Kb1 Ra1# {White checkmated} 0-1

[Event "Team 45 45 League T34"]
[Site "Internet Chess Club"]
[Date "2007.07.27"]
[Round "2"]
[White "tammany"]
[Black "PrincessChess"]
[Result "1/2-1/2"]
[WhiteElo "1597"]
[BlackElo "1776"]
[Opening "Ruy Lopez: Bird's defense"]
[ECO "C61"]
[Time "19:00:20"]
[TimeControl "2700+45"]

1. e4 e5 2. Nf3 Nc6 3. Bb5 Nd4 4. Nxd4 exd4 5. O-O c6 6. Bc4 b5 7. Bb3 a5 8. a4
Bd6 9. Qg4 Qf6 10. d3 h5 11. Qe2 Qh4 12. f4 Qe7 13. axb5 cxb5 14. Na3 Ba6 15.
Bd5 Ra7 16. Nb1 a4 17. e5 Bc7 18. Nd2 Qc5 19. Qe4 Ne7 20. Ba2 Bb7 21. Qe1 Nf5
22. Ne4 Bxe4 23. Qxe4 g6 24. c3 dxc3+ 25. Kh1 O-O 26. bxc3 Qxc3 27. Ba3 d6 28.
Rfc1 Qa5 29. Bb4 Qb6 30. Rc6 Qd4 31. Qxd4 Nxd4 32. Rcc1 Rd8 33. exd6 Bxd6 34.
Bxd6 Rxd6 35. Rc8+ Kg7 36. Re1 b4 37. Bc4 b3 38. Rb8 a3 39. Bxb3 Nxb3 40. Rxb3
a2 41. Ra1 Kf6 42. g3 Rd4 43. Kg2 Rad7 44. Rxa2 Rxd3 45. Rxd3 Rxd3 46. Re2 Rd7
{Game drawn by mutual agreement} 1/2-1/2

[Event "Team 45 45 League T34"]
[Site "Internet Chess Club"]
[Date "2007.07.27"]
[Round "2"]
[White "OrangeKing"]
[Black "b-spot"]
[Result "1-0"]
[WhiteElo "1804"]
[BlackElo "1594"]
[Opening "Réti opening"]
[ECO "A04"]
[Time "19:04:05"]
[TimeControl "2700+45"]

1. Nf3 c5 2. g3 Nc6 3. Bg2 g6 4. O-O Bg7 5. c3 Nf6 6. d4 cxd4 7. cxd4 d5 8. Nc3
O-O 9. e4 dxe4 10. Ng5 Nxd4 11. Ngxe4 Nxe4 12. Bxe4 Nc6 13. Qb3 Bh3 14. Rd1 Qc7
15. Bf4 e5 16. Nd5 Qb8 17. Be3 Kh8 18. Rac1 f5 19. Bf3 f4 20. Bc5 Rf7 21. Nxf4
exf4 22. Qxf7 fxg3 23. hxg3 Bxb2 24. Rb1 Ne5 25. Qf6+ Kg8 26. Bd5+ Nf7 27. Bxf7#
{Black checkmated} 1-0

[Event "Team 45 45 League T34"]
[Site "Internet Chess Club"]
[Date "2007.07.29"]
[Round "2"]
[White "Two-DogMan"]
[Black "Bedouksofhazzar"]
[Result "0-1"]
[WhiteElo "1532"]
[BlackElo "1799"]
[Opening "Sicilian: O'Kelly variation"]
[ECO "B28"]
[Time "19:02:41"]
[TimeControl "2700+45"]

1. e4 c5 2. Nf3 a6 3. a4 Nf6 4. Nc3 Nc6 5. d4 cxd4 6. Nxd4 e6 7. Nf3 d6 8. Be2
b6 9. O-O Bb7 10. Bd3 Qc7 11. Re1 Be7 12. Rb1 O-O 13. Ne2 d5 14. exd5 Nxd5 15.
Ng3 Nf6 16. Be3 Nb4 17. Qd2 Bxf3 18. gxf3 Rfd8 19. Bf4 Qc6 20. Qe2 Nxd3 21. cxd3
Nd5 22. Bd2 Qxa4 23. Qf1 Nb4 24. Bxb4 Qxb4 25. Red1 Rd7 26. Qg2 Rad8 27. Nh5 g6
28. Qg3 Rxd3 29. Rxd3 Rxd3 30. Qb8+ Rd8 31. Qg3 Kf8 32. Qe5 Ke8 33. Nf6+ Bxf6
34. Qxf6 Qd4 35. Qg5 Qd3 36. Rf1 Qxf3 37. Qh6 Rd5 38. Rc1 Qh5 39. Qg7 Qg5+
{White resigns} 0-1

[Event "Team 45 45 League T34"]
[Site "Internet Chess Club"]
[Date "2007.07.27"]
[Round "2"]
[White "CSCARChaplain"]
[Black "werty"]
[Result "0-1"]
[WhiteElo "631"]
[BlackElo "1413"]
[Opening "French defense"]
[ECO "C00"]
[Time "14:52:33"]
[TimeControl "2700+45"]

1. e4 e6 2. Nf3 d5 3. exd5 exd5 4. Nc3 Nf6 5. d3 c6 6. Bf4 Bg4 7. Be2 Bd6 8. Qd2
O-O 9. O-O Re8 10. Rfe1 Bxf4 11. Qxf4 Nbd7 12. d4 Nf8 13. Rad1 Re7 14. Ng5 Bxe2
15. Nxe2 Qd7 16. h3 Rae8 17. Rd2 Ng6 18. Qf3 h6 19. Nxf7 Rxf7 20. c3 Ne4 21. Qg4
Qxg4 22. hxg4 Nxd2 23. f3 Rfe7 24. Kf2 Nf4 25. g3 Nd3+ {White resigns} 0-1

[Event "Team 45 45 League T34"]
[Site "Internet Chess Club"]
[Date "2007.07.28"]
[Round "2"]
[White "AlterEgo"]
[Black "gagdad"]
[Result "0-1"]
[WhiteElo "1598"]
[BlackElo "1667"]
[Opening "Dutch"]
[ECO "A87"]
[Time "15:02:24"]
[TimeControl "2700+45"]

1. d4 f5 2. Nf3 Nf6 3. g3 g6 4. Bg2 Bg7 5. O-O d6 6. c4 O-O 7. Nc3 Qe8 8. b3 e5
9. dxe5 dxe5 10. Nb5 Na6 11. Bb2 e4 12. Ne1 Bd7 13. f3 Rd8 {White resigns} 0-1

[Event "Team 45 45 League T34"]
[Site "Internet Chess Club"]
[Date "2007.07.29"]
[Round "2"]
[White "Codreanou"]
[Black "Lionskins"]
[Result "1-0"]
[WhiteElo "1690"]
[BlackElo "1439"]
[Opening "Réti opening"]
[ECO "A04"]
[Time "17:02:04"]
[TimeControl "2700+45"]

1. Nf3 c5 2. g3 Nc6 3. Bg2 e6 4. O-O h6 5. Nc3 Nf6 6. d4 cxd4 7. Nxd4 Qb6 8.
Ndb5 d5 9. Be3 Qa5 10. a3 a6 11. b4 Qd8 12. Nd4 Ne5 13. Bf4 Qc7 14. Na2 g5 15.
Bxe5 Qxe5 16. Rc1 Bd7 17. c4 h5 18. Nc3 dxc4 19. Bxb7 Ra7 20. Bc6 Rc7 21. Nf3
Qf5 22. e4 Qg4 23. Bxd7+ Rxd7 24. Qe2 Rc7 25. Rfe1 Be7 26. Ne5 Qxe2 27. Rxe2 g4
28. Na4 O-O 29. Rxc4 Rxc4 30. Nxc4 Rc8 31. Nab6 Rc6 32. e5 Nd5 33. Nxd5 exd5 34.
Ne3 Rc1+ 35. Kg2 d4 36. Nf5 d3 37. Rd2 Bf8 38. Rxd3 Ra1 39. Nd6 Re1 40. Re3 Rd1
41. Ne8 Bh6 42. Nf6+ Kf8 43. Rb3 Re1 44. b5 axb5 45. Rxb5 Bg7 46. a4 Ke7 47. a5
Ra1 48. Nxh5 Bh8 49. h3 Ke6 50. Nf4+ Kd7 51. Rd5+ Kc6 52. hxg4 Ra3 53. a6 Rxa6
54. Rd6+ Kb5 55. Rxa6 Kxa6 56. Nd3 Kb6 57. f4 Kc6 58. Kf3 Kd5 59. g5 Kd4 60. Nf2
Kd5 61. Ng4 Bg7 62. Nh6 Ke6 63. Ke4 {Black resigns} 1-0

[Event "Team 45 45 League T34"]
[Site "Internet Chess Club"]
[Date "2007.07.28"]
[Round "2"]
[White "nanning"]
[Black "pelayo"]
[Result "0-1"]
[WhiteElo "1571"]
[BlackElo "1613"]
[Opening "Bogo-Indian defense, Grünfeld variation"]
[ECO "E11"]
[Time "10:02:01"]
[TimeControl "2700+45"]

1. d4 Nf6 2. c4 e6 3. Nf3 Bb4+ 4. Nbd2 c5 5. e3 O-O 6. a3 Bxd2+ 7. Bxd2 cxd4 8.
exd4 d5 9. Bg5 h6 10. Bxf6 Qxf6 11. cxd5 exd5 12. Ne5 Nc6 13. Nxc6 bxc6 14. Be2
Re8 15. O-O Re4 16. Re1 Bd7 17. Rc1 Rxd4 18. Qb3 Rd2 19. Bf3 Rxb2 20. Qd3 Rab8
21. Rc2 Bf5 {White resigns} 0-1

[Event "Team 45 45 League T34"]
[Site "Internet Chess Club"]
[Date "2007.07.28"]
[Round "2"]
[White "G11825"]
[Black "Bookkeeper"]
[Result "0-1"]
[WhiteElo "1485"]
[BlackElo "1573"]
[Opening "Old Indian defense"]
[ECO "E61"]
[Time "13:03:34"]
[TimeControl "2700+45"]

1. d4 d6 2. c4 g6 3. Nc3 Nf6 4. Nf3 Bg7 5. e3 O-O 6. Bd3 c5 7. O-O cxd4 8. exd4
Bg4 9. Re1 Re8 10. Bg5 Nc6 11. Be2 Qb6 12. Na4 Qa5 13. Rc1 Bxf3 14. Bxf3 Qxg5
15. Qb3 Nxd4 16. Qxb7 Nxf3+ 17. Qxf3 Rab8 18. Qc6 Rec8 19. Qa6 Rc7 20. Rc3 Qd2
21. Rce3 Ng4 22. R3e2 Qd3 23. b3 Bd4 24. Qa5 Rbc8 25. Qa6 Qf5 26. Rf1 Nxh2 27.
Kxh2 Qh5+ 28. Kg1 Qxe2 {White resigns} 0-1

[Event "Team 45 45 League T34"]
[Site "Internet Chess Club"]
[Date "2007.07.27"]
[Round "2"]
[White "frankd"]
[Black "joshua9"]
[Result "1-0"]
[WhiteElo "1736"]
[BlackElo "1586"]
[Opening "Sicilian: closed"]
[ECO "B23"]
[Time "17:58:07"]
[TimeControl "2700+45"]

1. e4 c5 2. Nc3 d6 3. g3 Nc6 4. Bg2 e6 5. d3 Nf6 6. f4 Be7 7. Nf3 Nd4 8. O-O O-O
9. Be3 Ng4 10. Bf2 Nxf2 11. Rxf2 f5 12. Ne2 Nxf3+ 13. Bxf3 e5 14. exf5 Bxf5 15.
Bxb7 Rb8 16. Bd5+ Kh8 17. b3 Bg4 18. Qd2 Bf6 19. fxe5 dxe5 20. Be4 Qd7 21. Nc3
Be6 22. Raf1 Bh3 23. Bf5 Bxf5 24. Rxf5 Rbd8 25. Ne4 Qd4+ 26. Qf2 Qxf2+ 27. R1xf2
a5 28. Nxf6 gxf6 29. Rxf6 Kg7 30. Rxf8 Rxf8 31. Rxf8 Kxf8 32. Kf2 Ke7 33. Ke3
Kd6 34. Ke4 Ke6 35. a4 h5 36. h4 Kf6 37. c3 Ke6 38. c4 Kf6 39. Kd5 Kf5 40. Kxc5
Kg4 41. Kd6 Kxg3 42. c5 Kxh4 43. c6 Kg3 44. c7 h4 45. c8=Q h3 46. Qg8+ Kf4 47.
Qf7+ Ke3 48. Qf1 h2 49. Kxe5 Kd2 50. d4 Kc3 51. Qh3+ Kb4 52. Qxh2 Kxb3 53. d5
Kxa4 54. d6 {Black resigns} 1-0

[Event "Team 45 45 League T34"]
[Site "Internet Chess Club"]
[Date "2007.07.30"]
[Round "2"]
[White "jjmolina"]
[Black "quotha"]
[Result "1-0"]
[WhiteElo "1586"]
[BlackElo "1551"]
[Opening "Sicilian defense"]
[ECO "B41"]
[Time "14:05:43"]
[TimeControl "2700+45"]

1. e4 e6 2. d4 c5 3. Nf3 cxd4 4. Nxd4 Bc5 5. Nb3 Bb6 6. Bf4 Ne7 7. Nc3 O-O 8.
Nb5 d5 9. Bd3 a6 10. Nd6 Bc7 11. e5 Bxd6 12. exd6 Nec6 13. Qh5 g6 14. Qh6 Qf6
15. O-O e5 16. Bg5 Qg7 17. Qh4 f6 18. Bh6 Qf7 19. Bxf8 Qxf8 20. Qg3 Kg7 21. f4
e4 22. Be2 Qxd6 23. Rad1 Bf5 24. Bc4 d4 25. Qh4 b5 26. Be2 Nd7 27. g4 Be6 28. f5
g5 29. Qh3 Bxb3 30. axb3 Nde5 31. Qg3 Rc8 32. h4 h6 33. hxg5 hxg5 34. Kg2 Qd5
35. Rh1 Rg8 36. Rh5 d3 37. cxd3 exd3+ 38. Bf3 Qxb3 39. Rd2 Nd4 40. Rxg5+ Kf8 41.
Rxg8+ Kxg8 42. Be4 Nc4 43. Bd5+ Kg7 44. Qc7+ Kh6 45. Qh2+ Kg7 46. Qc7+ Kh6 47.
Qf4+ Kg7 48. Bxc4 Qxc4 49. g5 Qd5+ 50. Kf2 Nxf5 51. gxf6+ Kxf6 52. Qf3 Qxf3+ 53.
Kxf3 Ke5 54. Rxd3 Nd6 55. Ra3 Nc4 56. Rxa6 Nxb2 57. Rb6 Kd4 58. Rxb5 Nc4 59. Rb4
Kc5 60. Rb8 Ne5+ 61. Ke4 Nd7 62. Rc8+ Kd6 63. Rd8 Ke7 64. Ra8 Kd6 65. Ra6+ Kc5
66. Ra5+ Kc6 67. Kf5 Kb6 68. Rd5 Kc6 69. Ke6 Nc5+ 70. Ke5 Nd7+ 71. Kd4 Kc7 72.
Rh5 Kc6 73. Rf5 Kd6 74. Ra5 Kc6 75. Rh5 Kd6 76. Rh6+ Kc7 77. Rh7 Kd6 78. Rh6+
Kc7 79. Kd5 Nb6+ 80. Kc5 Nd7+ 81. Kb5 Ne5 82. Re6 Ng4 83. Kc5 Kd7 84. Rg6 Ne3
85. Rd6+ Kc7 86. Rc6+ Kd7 87. Ra6 Ke7 88. Rg6 Kf7 89. Rh6 Kg7 90. Rh5 Kg6 91.
Re5 Ng4 92. Re6+ Kf5 93. Rd6 Nf6 94. Ra6 Ke5 95. Ra1 Nd7+ 96. Kc6 Nf6 97. Ra5+
Ke6 98. Rg5 Kf7 99. Rf5 Kg6 100. Rf1 Kg5 101. Kd6 Ne4+ 102. Ke5 Nc3 103. Rg1+
Kh4 104. Rg2 Kh3 105. Rc2 Nb5 106. Rc5 Na7 107. Kd5 Kg4 108. Kc4 Kf4 109. Rc7
{Black resigns} 1-0

[Event "Team 45 45 League T34"]
[Site "Internet Chess Club"]
[Date "2007.07.27"]
[Round "2"]
[White "PRO-CHESS"]
[Black "Shereshevsky"]
[Result "0-1"]
[WhiteElo "1600"]
[BlackElo "1473"]
[Opening "Benko's opening"]
[ECO "A00"]
[Time "21:01:13"]
[TimeControl "2700+45"]

1. g3 e5 2. Nc3 d5 3. d3 Nf6 4. Bg2 Be6 5. Bg5 Bb4 6. Nf3 h6 7. Bxf6 Qxf6 8. a3
Be7 9. O-O c6 10. d4 Nd7 11. e4 O-O 12. dxe5 Nxe5 13. Nxe5 Qxe5 14. f4 Bc5+ 15.
Kh1 Qd4 16. Qxd4 Bxd4 17. exd5 Bxd5 18. Bxd5 cxd5 19. Rfd1 Bxc3 20. bxc3 Rfd8
21. Rd4 Rac8 22. Rd3 Rc7 23. Rb1 Kf8 24. Kg2 f5 25. Kf2 Ke7 26. Re1+ Kd6 27. Re5
Rc5 28. c4 Kc6 29. cxd5+ Rcxd5 30. Rc3+ Kb6 31. Rb3+ Kc6 32. Ke3 Rxe5+ 33. fxe5
b6 34. h3 g5 35. Rd3 Rd5 36. e6 Rxd3+ 37. cxd3 Kd6 38. h4 Kxe6 39. h5 Kd5 40.
Kd2 Kd4 41. Ke2 b5 42. Kd2 a5 43. Kc2 f4 44. gxf4 gxf4 45. Kd2 b4 46. axb4 axb4
47. Ke2 b3 48. Kf3 b2 49. Kxf4 b1=Q 50. Kf5 Qxd3+ 51. Kf6 Qg3 {White resigns}
0-1

[Event "Team 45 45 League T34"]
[Site "Internet Chess Club"]
[Date "2007.07.31"]
[Round "2"]
[White "kublai"]
[Black "alaskauk"]
[Result "0-1"]
[WhiteElo "1296"]
[BlackElo "1516"]
[Opening "QGD Slav defense: exchange variation"]
[ECO "D10"]
[Time "13:57:53"]
[TimeControl "2700+45"]

1. d4 c6 2. c4 d5 3. cxd5 cxd5 4. Nc3 Nf6 5. Bf4 Nc6 6. e3 e6 7. Bd3 a6 8. Nge2
Nb4 9. O-O Nxd3 10. Qxd3 Bd6 11. Bxd6 Qxd6 12. f3 Bd7 13. e4 dxe4 14. fxe4 e5
15. Rad1 O-O 16. a3 Rad8 17. b4 Ng4 18. h3 Nf6 19. Qg3 Rfe8 20. dxe5 Qxe5 21.
Qxe5 Rxe5 22. Ng3 Kf8 23. Rd4 Ree8 24. Rfd1 Rc8 25. Nb1 Bc6 26. Re1 Rc7 27. Nd2
Rd7 28. Rxd7 Bxd7 29. Nc4 Bc6 30. e5 Re6 31. Nf5 g6 32. Nd4 Re8 33. Nxc6 bxc6
34. Nd6 Re6 35. Rf1 Ne8 36. Nxe8 Kxe8 37. Re1 f6 38. Kf2 fxe5 39. Re4 Kf7 40. g4
g5 41. Ke3 Ke7 42. Kd3 Kd6 43. Kc4 Rf6 44. Kd3 Rf3+ 45. Re3 Rf4 46. Kc3 Rd4 47.
Rd3 Rxd3+ 48. Kxd3 Kd5 49. a4 e4+ 50. Kc3 h6 51. a5 e3 52. Kd3 e2 53. Kxe2 Kd4
54. Kd2 Kc4 55. Kc2 Kxb4 56. Kb2 Kxa5 57. Kc3 Kb5 58. Kb3 Kc5 59. Kc3 a5 60. Kb3
a4+ 61. Kc3 Kb5 62. Kb2 {White resigns} 0-1

[Event "Team 45 45 League T34"]
[Site "Internet Chess Club"]
[Date "2007.07.30"]
[Round "2"]
[White "viking99"]
[Black "bmw2002"]
[Result "1-0"]
[WhiteElo "1859"]
[BlackElo "1712"]
[Opening "Caro-Kann defense"]
[ECO "B15"]
[Time "20:08:11"]
[TimeControl "2700+45"]

1. e4 c6 2. d4 d5 3. Nc3 Nf6 4. e5 Nfd7 5. e6 fxe6 6. Bd3 Nf6 7. g4 h6 8. Bg6+
Kd7 9. Bf4 Qb6 10. Na4 Qa5+ 11. c3 Na6 12. Nf3 b5 13. Ne5+ Kc7 14. Nc4+ {Black
resigns} 1-0

[Event "Team 45 45 League T34"]
[Site "Internet Chess Club"]
[Date "2007.07.28"]
[Round "2"]
[White "Luckydawg"]
[Black "rubashov"]
[Result "1-0"]
[WhiteElo "1696"]
[BlackElo "1612"]
[Opening "English, 1...Nf6 (Anglo-Indian defense)"]
[ECO "A13"]
[Time "08:00:32"]
[TimeControl "2700+45"]

1. c4 Nf6 2. g3 e6 3. Bg2 d5 4. Nf3 c6 5. O-O Bd6 6. b3 O-O 7. Bb2 Re8 8. d4
Nbd7 9. Nbd2 c5 10. cxd5 Nxd5 11. Ne4 Bf8 12. Nc3 N7f6 13. Nxd5 Nxd5 14. e4 Nf6
15. Re1 cxd4 16. Bxd4 Bb4 17. Re2 b6 18. a3 Be7 19. Bxf6 Bxf6 20. e5 Be7 21. Nd4
Rb8 22. Nc6 Qxd1+ 23. Rxd1 Ba6 24. Red2 Rb7 25. b4 Rc7 26. Nxe7+ Rcxe7 27. Bc6
Rf8 28. Rd7 Rxd7 29. Rxd7 Rc8 30. b5 g6 31. Rxa7 {Black resigns} 1-0

[Event "Team 45 45 League T34"]
[Site "Internet Chess Club"]
[Date "2007.07.31"]
[Round "2"]
[White "OOB1"]
[Black "BrerRabbit"]
[Result "0-1"]
[WhiteElo "1559"]
[BlackElo "1573"]
[Opening "Sicilian: Taimanov variation"]
[ECO "B45"]
[Time "20:05:27"]
[TimeControl "2700+45"]

1. e4 c5 2. Nf3 e6 3. d4 cxd4 4. Nxd4 Nc6 5. Nc3 d6 6. Nf3 Nf6 7. e5 Nxe5 8.
Nxe5 dxe5 9. Qxd8+ Kxd8 10. Bg5 Be7 11. O-O-O+ Nd7 12. Be3 b6 13. g3 Bb7 14. Rg1
Bc6 15. a3 Bf6 16. Bd3 Ke7 17. h4 h6 18. Ne4 Rhd8 19. g4 Bxh4 20. g5 hxg5 21.
Nxg5 Nf6 22. Be2 Nd5 23. Nf3 Bf6 24. Bg5 Nf4 25. Bxf6+ Kxf6 26. Rxd8 Rxd8 27.
Bd1 Rxd1+ 28. Rxd1 Bxf3 29. Rd7 a5 30. Rd6 b5 31. Ra6 a4 32. Kd2 g5 33. Ra5 Bc6
34. Ra6 Bd5 35. Rb6 Bc4 36. b3 axb3 37. cxb3 Bxb3 38. Rxb5 Bd5 39. Rc5 Kf5 40.
a4 Ke4 41. a5 Kf3 42. a6 Kxf2 43. a7 g4 44. Rxd5 exd5 45. a8=Q g3 46. Qa7+ d4
47. Qxf7 g2 48. Qe7 g1=Q 49. Qxe5 Kf3 50. Kc2 Qf2+ 51. Kb3 Qe3+ {White resigns}
0-1